Unix NetHack Version 5.0.0-0 post-release - last build Jul 19 2026 19:10:59 (3aa4ab31751d3886436d94b585a96704892fd477,branch:main).

Game began 2026-07-23 09:44:29, ended 2026-07-23 10:05:18.

Booker, lawful male human Knight

                                                    -------
                                                    |.....|
                                                   #......|
                                              ######|^.+..|       -----
                                 -----------.- #####-----.-      #....|
                                 |C.........C| #        ####@i%###|...|
                                 |.....C.....| #         #      ##|...|
                                 |...-----....###               # |.**|
                                 |...|.{.....| #               ## -----
                                 |..C|{.{|C..|        -----+--###
                                 |...|.  |...|        |......-# #
                                 |...-----...|        .......|###
                                 |....^C.....|        |..)...+#
                                 |C.........C|        --------
                                 -------------

Booker the Esquire       St:13 Dx:8 Co:12 In:7 Wi:15 Ch:18  Lawful S:460
Dlvl:5  $:0  HP:0(24) Pw:14(14) AC:1  Xp:3/53 T:1319  Hungry   Burdened

Latest messages:
 The imp hits!
 You hit the imp!
 The imp misses!
 You hit the imp!
 The imp hits!
 You hit the imp.
 You miss the imp.
 The imp hits!
 You miss the imp.
 The imp hits!
 The imp hits!
 You miss the imp.
 The imp hits!
 What do you want to use or apply? [bs or ?*]
 What do you want to use or apply? [bs or ?*]
 You have a little trouble removing r - a pink potion.
 The imp hits!
 The imp casts aspersions on your ancestry.
 What do you want to drink? [r or ?*]
 You feel better.
 The imp hits!
 You miss the imp.
 The imp misses!
 You hit the imp!
 The imp hits!
 You miss the imp.
 The imp misses!
 "I've met smarter (and prettier) acid blobs."
 You miss the imp.
 The imp hits!
 "Mercy!  Dost thou wish me to die of laughter?"
 You miss the imp.
 The imp hits!
 The imp hits!
 The imp casts aspersions on your ancestry.
 You hit the imp!
 The imp hits!
 "Thy head is unfit for a mind flayer to munch upon!"
 You miss the imp.
 The imp hits!
 You are beginning to feel hungry.
 You miss the imp.
 The imp hits!
 The imp hits!
 The imp misses!
 The imp casts aspersions on your ancestry.
 The imp misses!
 You see here a kobold corpse.
 The imp hits!
 You die...

Inventory:
 Weapons  (')')
  a - an uncursed +1 long sword (weapon in right hand)
  b - a blessed +1 lance (alternate weapon; not wielded)
 Armor    ('[')
  d - a blessed +0 helmet (being worn)
  f - an uncursed +0 pair of leather gloves (being worn)
  e - a blessed +0 small shield (being worn)
  j - an uncursed +0 alchemy smock with text "Don't make me poison you" (being worn)
  t - an uncursed +0 elven mithril-coat (being worn)
 Comestibles  ('%')
  g - 9 uncursed apples
  h - 12 uncursed carrots
  C - an uncursed fortune cookie
  w - an uncursed lembas wafer
  z - an uncursed egg
  x - an uncursed lichen corpse
 Rings    ('=')
  u - an uncursed ring of sustain ability (on left hand)
  A - an uncursed ring of teleport control (on right hand)
 Tools    ('(')
  s - an uncursed sack containing 9 items

Contents of the sack:
  28 gold pieces
  an uncursed scroll of identify
  an uncursed scroll of teleportation
  an uncursed potion of blindness
  2 blessed potions of healing
  4 uncursed potions of healing
  an uncursed potion of invisibility
  a cursed potion of sickness
  a potion of holy water

Booker the Knight's attributes:

Background:
 You were an Esquire, a level 3 male human Knight.
 You were lawful, nominally on a mission for Lugh
 who was opposed by Brigit (neutral) and Manannan Mac Lir (chaotic).
 You were right-handed.
 You were in the Dungeons of Doom, on level 5.
 You entered the dungeon 1319 turns ago.
 You had 53 experience points, 27 more were needed to attain level 4.
 Your score was 460 before end-of-game adjustments.

Basics:
 You had 0 out of 24 hit points.
 You had all 14 energy points (spell power).
 Your armor class was 1.
 Your wallet was empty, but
 you had 28 zorkmids stashed away in your pack.
 Autopickup was on for '$%?!"=/' plus thrown, with exceptions.

Final Characteristics:
 Your strength was 13 (limit:18/100).
 Your dexterity was 8 (limit:18).
 Your constitution was 12 (limit:18).
 Your intelligence was 7 (limit:18).
 Your wisdom was 15 (limit:18).
 Your charisma was 18 (limit:18).

Final Status:
 You were hungry.
 You were burdened; movement was slightly slowed.
 You were wielding a long sword.
 You had basic skill with long sword.

Final Attributes:
 You were devoutly aligned.
 You were poison resistant.
 You were acid resistant.
 Your items were protected from acid.
 You could jump.
 You had teleport control.
 You were guarded.
 Your spell casting was impaired by metallic armor.
 You had fixed abilities.
 You are dead.

Miscellaneous:
 You disabled loading and storing of bones levels.
 Total elapsed playing time was 20 minutes and 48 seconds.

Major events:
 Turn
    1: Booker the lawful male human Knight entered the dungeon
  982: attained the rank of Esquire (level 3)
 1319: killed by an imp

Spells:
 Name                 Level Category     Fail Retention
 levitation             4   escape       100%  76%-100%

Skills:
 Fighting Skills
   bare handed combat [Unskilled]
   two weapon combat  [Unskilled]
   riding             [Basic]
 Weapon Skills
   dagger             [Unskilled]
   knife              [Unskilled]
   axe                [Unskilled]
   pick-axe           [Unskilled]
   short sword        [Unskilled]
   broadsword         [Unskilled]
   long sword         [Basic]
   two-handed sword   [Unskilled]
   saber              [Unskilled]
   club               [Unskilled]
   mace               [Unskilled]
   morning star       [Unskilled]
   flail              [Unskilled]
   hammer             [Unskilled]
   polearms           [Unskilled]
   spear              [Unskilled]
   trident            [Unskilled]
   lance              [Basic]
   bow                [Unskilled]
   crossbow           [Unskilled]
 Spellcasting Skills
   attack spells      [Unskilled]
   healing spells     [Unskilled]
   clerical spells    [Unskilled]

Voluntary challenges:
 Character rerolling was not enabled.
 You were an atheist.
 You never genocided any monsters.
 You never polymorphed an object.
 You never changed form.
 You used no wishes.
Achievements:
 You entered a shop.
 You attained the rank of Esquire.

 The Dungeons of Doom: levels 1 to 5
    Level 1:
       A fountain.
    Level 2:
       A potion shop.
    Level 3:
    Level 4:
    Level 5: <- You were here.
       Many fountains.
       Final resting place for
          you, killed by an imp.


Vanquished creatures:
  a shrieker
 an acid blob
  a coyote
  a giant rat
  2 yellow molds
  2 geckos
  5 jackals
  a fox
  2 goblins
  a sewer rat
  5 grid bugs
  a bat
  2 lichens
  2 kobold zombies
  2 newts
29 creatures vanquished.

No species were genocided or became extinct.

Game over:
                       ----------
                      /          \
                     /    REST    \
                    /      IN      \
                   /     PEACE      \
                  /                  \
                  |      Booker      |
                  |      28 Au       |
                  | killed by an imp |
                  |                  |
                  |                  |
                  |                  |
                  |       2026       |
                 *|     *  *  *      | *
        _________)/\\_//(\/(/\)/\//\/|_)_______

Fare thee well Booker the Knight...

You died in The Dungeons of Doom on dungeon level 5 with 458 points,
and 28 pieces of gold, after 1319 moves.
You were level 3 with a maximum of 24 hit points when you died.

